 Dungeon Crawl Stone Soup version 0.27-a0-401-gea03ee85fd (webtiles) character file.

Game seed: 6174509331335550857

302 gruber the Digger (level 6, -1/44 HPs)
             Began as a Gnoll Wanderer on Feb 21, 2021.
             Slain by Grinder (6 damage)
             ... while paralysed by Grinder
             ... on level 4 of the Dungeon.
             The game lasted 00:05:43 (4013 turns).

gruber the Digger (Gnoll Wanderer)                  Turns: 4013, Time: 00:05:43

Health: -1/44      AC:  6    Str: 11    XL:     6   Next: 37%
Magic:  8/14       EV:  2    Int: 16    God:
Gold:   180        SH:  0    Dex:  9    Spells: 2/15 levels left

rFire    . . .     SeeInvis .   a - +0 short sword
rCold    . . .     Faith    .   (no shield)
rNeg     . . .     Spirit   .   d - +0 robe
rPois    .         Reflect  .   p - +2 helmet
rElec    .         Harm     .   (no cloak)
rCorr    .         Rampage  .   (no gloves)
Will     .....                  g - +0 pair of boots
Stlth    ++........             s - amulet of magic regeneration
HPRegen  0.14/turn              q - +4 ring of evasion
MPRegen  0.39/turn              (no ring)

@: paralysed
A: distributed training, fangs 1, strong nose
a: no special abilities


You were on level 4 of the Dungeon.
You visited 1 branch of the dungeon, and saw 4 of its levels.

You collected 180 gold pieces.

Inventory:

Hand Weapons
 a - a +0 short sword (weapon)
 e - a +0 dagger
Missiles
 b - 31 stones
 l - 15 poisoned darts
 t - 8 silver javelins
Armour
 d - a +0 robe (worn)
 g - a +0 pair of boots (worn)
 p - a +2 helmet (worn)
Jewellery
 q - a +4 ring of evasion (left hand)
 s - an amulet of magic regeneration (around neck)
 u - an amulet of reflection {unknown}
Wands
 v - a wand of flame (13)
Scrolls
 c - 2 scrolls of fog {unknown}
 h - a scroll of enchant armour {unknown}
 j - a scroll of fear {unknown}
 k - 3 scrolls of identify {unknown}
 o - a scroll of enchant weapon {unknown}
 r - a scroll of random uselessness {unknown}
Potions
 f - 2 potions of curing {unknown}
 i - a potion of resistance {unknown}
 m - a potion of invisibility {unknown}
 n - a potion of heal wounds {unknown}


   Skills:
 + Level 1.9 Fighting
 + Level 3.2 Short Blades
 + Level 1.9 Long Blades
 + Level 1.9 Axes
 + Level 1.9 Maces & Flails
 + Level 1.9 Polearms
 + Level 1.9 Staves
 + Level 1.9 Slings
 + Level 1.9 Bows
 + Level 1.9 Crossbows
 + Level 1.9 Throwing
 + Level 1.9 Armour
 + Level 1.9 Dodging
 + Level 4.6 Stealth
 + Level 1.9 Shields
 + Level 1.9 Unarmed Combat
 + Level 5.3 Spellcasting
 + Level 1.5 Conjurations
 + Level 1.5 Hexes
 + Level 1.5 Summonings
 + Level 1.5 Necromancy
 + Level 1.5 Translocations
 + Level 1.5 Transmutations
 + Level 1.5 Fire Magic
 + Level 1.5 Ice Magic
 + Level 1.5 Air Magic
 + Level 5.6 Earth Magic
 + Level 1.5 Poison Magic
 + Level 2.1 Invocations
 + Level 5.0 Evocations


You had 2 spell levels left.
You knew the following spells:

 Your Spells              Type           Power        Failure   Level
a - Sandblast             Erth           44%          1%          1
b - Stone Arrow           Conj/Erth      30%          10%         3
c - Petrify               Tmut/Erth      15%          32%         4
d - Lee's Rapid Deconstr  Erth           11%          36%         5

Your spell library contained the following spells:

 Spells                   Type           Power        Failure   Level
 Passwall                 Tmut/Erth      12%          4%          2


Dungeon Overview and Level Annotations

Branches:
Dungeon (4/15)
 Temple: D:4-7

Altars:
Dithmenos
Gozag
Trog
Wu Jian

Annotations:
D:4 Grinder


Innate Abilities, Weirdness & Mutations

Your experience applies equally to all skills.
You have very sharp teeth.
Your uncanny sense of smell can sniff out nearby items.


Message History

Aim: Grinder (lightly wounded, 22% to evade)
The blast of sand hits Grinder!
Grinder is moderately wounded.
Grinder closely misses you.
Casting: Sandblast (safe; 1% risk of failure)
Confirm with . or Enter, or press ? or * to list all spells.
Aiming: Sandblast (safe; 1% risk of failure)
Press: ? - help, Shift-Dir - straight line, f/p - Grinder
Aim: Grinder (moderately wounded, 22% to evade)
The blast of sand hits Grinder!
Grinder is heavily wounded.
Grinder blinks!
Casting: Sandblast (safe; 1% risk of failure)
Confirm with . or Enter, or press ? or * to list all spells.
Aiming: Sandblast (safe; 1% risk of failure)
Press: ? - help, Shift-Dir - straight line, f/p - Grinder
Aim: Grinder (heavily wounded, 22% to evade)
The blast of sand hits Grinder!
Grinder is severely wounded.
Casting: Sandblast (safe; 1% risk of failure)
Confirm with . or Enter, or press ? or * to list all spells.
Aiming: Sandblast (safe; 1% risk of failure)
Press: ? - help, Shift-Dir - straight line, f/p - Grinder
Aim: Grinder (severely wounded, 22% to evade)
The blast of sand hits Grinder but does no damage.
Grinder is severely wounded.
Unknown command.
Casting: Sandblast (safe; 1% risk of failure)
Confirm with . or Enter, or press ? or * to list all spells.
Aiming: Sandblast (safe; 1% risk of failure)
Press: ? - help, Shift-Dir - straight line, f/p - Grinder
Aim: Grinder (severely wounded, 22% to evade)
The blast of sand misses Grinder.
Grinder gestures at you.
You suddenly lose the ability to move!
Grinder hits you.
You writhe in agony.
Grinder hits you!
* * * LOW HITPOINT WARNING * * *
You writhe in agony.
You die...

#...#........
##............
#.##..........
####......###
#..##### ##.# #)#
# #)# .. #@# ...
#5# #... #.##
#... ##.#### ....
#....########....
#................
########.........
##### ###.......
#...# ##......


You could see Grinder.

Vanquished Creatures
  A sky beast (D:2)
  A bullfrog skeleton (D:3)
  A worker ant (D:4)
  A hound skeleton (D:4)
  5 adders
  2 oozes (D:1)
  2 worms
  2 dart slugs
  3 leopard geckos (D:3)
  3 orcs (D:4)
  2 ball pythons
  3 giant cockroaches
  3 goblins
  11 hobgoblins
  11 jackals
  2 quokkas
  7 bats
  7 frilled lizards
  4 kobolds
  9 rats
80 creatures vanquished.

Notes
Turn   | Place    | Note
-------+----------+-------------------------------------------
     0 | D:1      | gruber the Gnoll Wanderer began the quest for the Orb.
     0 | D:1      | gruber set off with the following items: a +0 short sword,
                  | a +0 robe, a +0 dagger; and the following spell memorised:
                  | Sandblast; and the following spells available to memorise:
                  | Passwall, Stone Arrow, Lee's Rapid Deconstruction, Petrify
     0 | D:1      | Reached XP level 1. HP: 13/13 MP: 6/6
   179 | D:1      | Reached XP level 2. HP: 19/19 MP: 7/7
   551 | D:1      | Reached XP level 3. HP: 9/25 MP: 2/9
   854 | D:1      | Reached skill level 5 in Spellcasting
  1190 | D:1      | Reached skill level 1 in Invocations
  1570 | D:2      | HP: 1/25 [hobgoblin (1)]
  1903 | D:2      | Reached skill level 1 in Fighting
  1903 | D:2      | Reached skill level 1 in Long Blades
  1903 | D:2      | Reached skill level 1 in Axes
  1903 | D:2      | Reached skill level 1 in Maces & Flails
  1903 | D:2      | Reached skill level 1 in Polearms
  1903 | D:2      | Reached skill level 1 in Staves
  1903 | D:2      | Reached skill level 1 in Slings
  1903 | D:2      | Reached skill level 1 in Bows
  1903 | D:2      | Reached skill level 1 in Crossbows
  1903 | D:2      | Reached skill level 1 in Throwing
  1903 | D:2      | Reached skill level 1 in Armour
  1903 | D:2      | Reached skill level 1 in Dodging
  1903 | D:2      | Reached skill level 1 in Shields
  1903 | D:2      | Reached skill level 1 in Unarmed Combat
  1906 | D:2      | Reached XP level 4. HP: 29/32 MP: 4/11
  2128 | D:2      | Found an ornate altar of the Wu Jian Council.
  2182 | D:2      | Noticed a sky beast
  2203 | D:2      | Killed a sky beast
  2204 | D:2      | Reached skill level 1 in Conjurations
  2204 | D:2      | Reached skill level 1 in Hexes
  2204 | D:2      | Reached skill level 1 in Summonings
  2204 | D:2      | Reached skill level 1 in Necromancy
  2204 | D:2      | Reached skill level 1 in Translocations
  2204 | D:2      | Reached skill level 1 in Transmutations
  2204 | D:2      | Reached skill level 1 in Fire Magic
  2204 | D:2      | Reached skill level 1 in Ice Magic
  2204 | D:2      | Reached skill level 1 in Air Magic
  2204 | D:2      | Reached skill level 1 in Poison Magic
  2204 | D:2      | Reached XP level 5. HP: 7/37 MP: 6/12
  2920 | D:3      | Found a shadowy altar of Dithmenos.
  2920 | D:3      | Found a bloodstained altar of Trog.
  2990 | D:3      | Found an opulent altar of Gozag.
  3258 | D:3      | Reached XP level 6. HP: 44/44 MP: 13/13
  3418 | D:3      | Learned a level 3 spell: Stone Arrow
  3423 | D:3      | Learned a level 4 spell: Petrify
  3429 | D:3      | Learned a level 5 spell: Lee's Rapid Deconstruction
  3957 | D:4      | Noticed Grinder
  3961 | D:4      | Reached skill level 5 in Evocations
  4011 | D:4      | Paralysed by Grinder for 6 turns
  4013 | D:4      | Slain by Grinder

Illustrated notes

Levels and vault maps discovered:
D:1:      dpeg_arrival_round_b, layout_basic
D:2:      layout_loops_cross, general_overflow_altar
D:3:      layout_rooms, lemuel_crystal_altar, bloody_trog, fountainhead,
          grunt_dithmenos_smoke_and_mirrors
D:4:      layout_layer_cave, grunt_temple_overflow_growth_and_decay,
          minmay_temple_entry_drinking_statues, dk_vineyard_2, tso_metal_star,
          uniq_grinder

Skill      XL: |  1  2  3  4  5  6 |
---------------+-------------------+-----
Spellcasting   | 5 |  5.3
Invocations    | 1 2 |  2.1
Fighting       | 1 |  1.9
Long Blades    | 1 |  1.9
Axes           | 1 |  1.9
Maces & Flails | 1 |  1.9
Polearms       | 1 |  1.9
Staves         | 1 |  1.9
Slings         | 1 |  1.9
Bows           | 1 |  1.9
Crossbows      | 1 |  1.9
Throwing       | 1 |  1.9
Armour         | 1 |  1.9
Dodging        | 1 |  1.9
Shields        | 1 |  1.9
Unarmed Combat | 1 |  1.9
Short Blades   | 3 |  3.2
Conjurations   | 1 |  1.5
Hexes          | 1 |  1.5
Summonings     | 1 |  1.5
Necromancy     | 1 |  1.5
Translocations | 1 |  1.5
Transmutations | 1 |  1.5
Fire Magic     | 1 |  1.5
Ice Magic      | 1 |  1.5
Air Magic      | 1 |  1.5
Poison Magic   | 1 |  1.5
Evocations     | 5 |  5.0
Stealth        | |  4.6
Earth Magic    | |  5.6

Action                   |  1- 3 |  4- 6 || total
-------------------------+-------+-------++-------
Melee: Short sword       |    98 |   128 ||   226
       Bite              |     6 |     8 ||    14
       Punch             |     1 |     1 ||     2
 Cast: Sandblast         |    15 |    24 ||    39
       Stone Arrow       |       |     5 ||     5
 Stab: Sleeping          |     4 |     6 ||    10
Armor: Robe              |    21 |    25 ||    46
Dodge: Dodged            |    51 |    80 ||   131

Table legend: (Time is in decaauts)
 A = Elapsed time spent in this place.
 B = Non-inter-level travel time spent in this place.
 C = Inter-level travel time spent in this place.
 D = Time resting spent in this place.
 E = Time spent auto-exploring this place.
 F = Levels seen in this place.
 G = Mean time per level.
                   A        B        C        D        E       F      G
               +--------+--------+--------+--------+--------+-----+--------+
         Total |   4003 |   3955 |     48 |      0 |   3349 |   4 | 1000.8 |
       Dungeon |   4003 |   3955 |     48 |      0 |   3349 |   4 | 1000.8 |
               +--------+--------+--------+--------+--------+-----+--------+

Top non-repeatable levels by time:
     D:1: 1461 daAuts
     D:2: 1322 daAuts
     D:3: 977 daAuts
     D:4: 242 daAuts
